 Dungeon Crawl Stone Soup version 0.28.0-47-ge53b351184 (webtiles) character file.

Game seed: 2327224884497392659

4013 Allula97 the Cutter (level 10, -1/76 HPs)
             Began as a Demonspawn Abyssal Knight on Apr 28, 2022.
             Was an Elder of Lugonu.
             Slain by a water moccasin (2 damage)
             ... while petrified by a basilisk
             ... on level 9 of the Dungeon.
             The game lasted 00:18:05 (8792 turns).

Allula97 the Cutter (Demonspawn Abyssal Knight)     Turns: 8792, Time: 00:18:06

Health: -1/76      AC: 11    Str: 21    XL:     10   Next: 3%
Magic:  15/15      EV:  2    Int: 11    God:    Lugonu [****..]
Gold:   21         SH:  0    Dex: 18    Spells: 9/9 levels left

rFire   . . .      SeeInvis +   A - +5 scimitar
rCold   . . .      Faith    .   (no shield)
rNeg    + + +      Spirit   .   l - +4 ring mail of the Dozen Hells {Str+7}
rPois   ∞          Reflect  .   (helmet restricted)
rElec   .          Harm     .   (no cloak)
rCorr   .          Rampage  .   (no gloves)
Will    .....                   (no boots)
Stlth   ++........              p - amulet of magic regeneration
HPRegen 0.22/turn               i - ring of see invisible
MPRegen 0.54/turn               o - +4 ring of evasion

@: petrified
A: horns 2, foul stench 2, spiny 1, sharp scales 1
a: Renounce Religion, Depart the Abyss, Bend Space, Banish, Corrupt


You were on level 9 of the Dungeon.
You worshipped Lugonu.
Lugonu was greatly pleased with you.
You visited 2 branches of the dungeon, and saw 10 of its levels.
You visited the Abyss 1 time.
You also visited: Sewer.

You collected 221 gold pieces.
You spent 200 gold pieces at shops.

Inventory:

Hand Weapons
 a - a +2 short sword
 g - a +3 whip
 t - a +0 rapier
 A - a +5 scimitar (weapon)
 D - the +1 dagger of Accord {vorpal, rPois SInv}
   (You found it on level 8 of the Dungeon)

   It inflicts extra damage upon your enemies.
   rPois:     It protects you from poison.
   SInv:      It lets you see invisible.
Missiles
 c - 6 atropa-tipped darts
 y - a throwing net
Armour
 l - the +4 ring mail of the Dozen Hells (worn) {Str+7}
   (You found it on level 3 of the Dungeon)

   Str:       It affects your strength (+7).
Jewellery
 i - a ring of see invisible (left hand)
 j - a ring of protection from cold
 k - a ring of fire
 n - a ring of wizardry
 o - a +4 ring of evasion (right hand)
 p - an amulet of magic regeneration (around neck)
 r - an amulet of faith
Wands
 w - a wand of iceblast (11)
 C - a wand of flame (39)
Scrolls
 e - 2 scrolls of teleportation
 f - 2 scrolls of enchant weapon
 m - 3 scrolls of blinking
 s - 2 scrolls of magic mapping
 v - a scroll of identify
Potions
 b - 2 potions of brilliance
 d - 3 potions of curing
 h - 3 potions of attraction
 q - a potion of magic
 u - a potion of heal wounds
 x - a potion of ambrosia {unknown}
 z - a potion of lignification {unknown}
 E - a potion of haste {unknown}


   Skills:
 * Level 5.9 Fighting
 + Level 7.6 Short Blades
 * Level 1.0(4.8) Long Blades
 * Level 6.1 Armour
 * Level 4.3 Dodging
 * Level 5.2 Stealth
 * Level 6.8 Invocations


You had 9 spell levels left.
You didn't know any spells.
Your spell library contained the following spells:

 Spells                   Type           Power      Damage    Failure   Level
 Animate Skeleton         Necr           0%         N/A       50%         1
 Pain                     Necr           0%         1d4       50%         1
 Summon Small Mammal      Summ           0%         N/A       50%         1
 Blink                    Tloc           0%         N/A       63%         2
 Call Canine Familiar     Summ           0%         N/A       86%         3
 Lesser Beckoning         Tloc           0%         N/A       86%         3
 Summon Guardian Golem    Hex/Summ       0%         N/A       86%         3
 Vampiric Draining        Necr           0%         2d6       86%         3
 Manifold Assault         Tloc           0%         N/A       100%        5


Dungeon Overview and Level Annotations

Branches:
Dungeon (9/15)             Temple (1/1) D:6            Lair (0/6) D:9
  Sewer (visited)
    Orc: D:9-12

Altars:
Ashenzari
Dithmenos
Elyvilon
Fedhas
Gozag
Hepliaklqana
Kikubaaqudgha
Makhleb
Nemelex Xobeh
Okawaru
Qazlal
Ru
Sif Muna
Trog
Uskayaw
Vehumet
Wu Jian
Yredelemnul
Zin
The Shining One

Shops:
D:8 ((!*(


Innate Abilities, Weirdness & Mutations

You have a pair of horns on your head.
You sometimes emit foul miasma when damaged in melee.
You are partially covered in sharp spines.
You are partially covered in razor-sharp scales. (AC +1, Slay +1)


Message History

You kill the wyvern!
Lugonu accepts your kill. The yak is struck by your spines. The yak gores you!
* * * LOW HITPOINT WARNING * * *
The basilisk is engulfed in dark miasma.
The basilisk is poisoned.
The basilisk is struck by your spines. The basilisk bites you.
The basilisk is engulfed in dark miasma.
The basilisk looks even sicker.
The basilisk seems to slow down.
The basilisk is struck by your spines.
The basilisk bites you but does no damage.
The yak gores you but does no damage. The yak is struck by your spines.
The yak gores you.
* * * LOW HITPOINT WARNING * * *
The basilisk is engulfed in dark miasma.
The basilisk looks even sicker.
The basilisk gazes at you.
You kill the yak!
Lugonu accepts your kill.
The basilisk is engulfed in dark miasma.
The basilisk looks even sicker.
The basilisk seems to slow down.
The basilisk gazes at you. The yak gores you.
* * * LOW HITPOINT WARNING * * *
You emit a cloud of foul miasma!
The basilisk is engulfed in dark miasma.
The basilisk looks even sicker.
The basilisk barely misses you.
Your base Long Blades skill increases to level 1!
You have reached level 10!
The water moccasin is struck by your spines.
The water moccasin bites you but does no damage.
The yak is engulfed in dark miasma.
The yak is poisoned.
The yak is struck by your spines. The yak gores you but does no damage.
The yak is struck by your spines. The yak gores you but does no damage.
The basilisk is engulfed in dark miasma.
The basilisk looks as sick as possible!
The basilisk is struck by your spines. The basilisk bites you!
* * * LOW HITPOINT WARNING * * *
The water moccasin bites you.
You die...

# ####### ####### ######
..#.....## ##.....##.....#
.P.......###..............
...♣......#...............
...P....Yl................
...P.P.†S@Y...............
..P....llY#...............
.P.P.P....#..)............
..PP.♣...P#..))...........
.P>.P...♣.##.<).)...<.....
........P.###[....##.....#
......=.(P. ##..### ..####
....PP... ...## .## ###.#


You could see 3 yaks, 2 basilisks, a water moccasin and an iguana.

Vanquished Creatures
  A troll (D:9)
  2 yaks (D:9)
  A wyvern (D:9)
  Eustachio (D:6)
  Edmund (D:5)
  3 water moccasins
  An orc warrior (D:9)
  Pargi (Sewer)
  A black bear (D:5)
  4 ogres
  A sky beast (D:7)
  A centaur (D:8)
  3 phantoms
  3 bullfrogs
  6 scorpions
  A water moccasin zombie (D:5)
  A water moccasin skeleton (D:4)
  A howler monkey (D:5)
  7 wights
  2 centaur zombies
  2 hounds
  3 jellies
  2 orc priests
  A gnoll shaman (D:6)
  2 iguanas
  7 orc wizards
  A killer bee zombie (D:7)
  A howler monkey zombie (D:8)
  Robin (D:2)
  6 adders
  8 gnolls
  A howler monkey skeleton (D:4)
  An ufetubus (D:6)
  An adder skeleton (D:4)
  A worm (D:3)
  A dart slug (D:2)
  8 orcs
  6 bats
  6 endoplasms
  5 giant cockroaches
  15 goblins
  9 hobgoblins
  4 jackals
  2 quokkas
  3 training dummies (D:8)
  5 ball pythons
  3 frilled lizards
  10 kobolds
  7 rats
164 creatures vanquished.

Vanquished Creatures (others)
  A wight (D:9)
  A fungus (D:9)
  A plant (D:9)
3 creatures vanquished.

Grand Total: 167 creatures vanquished

Notes
Turn   | Place    | Note
-------+----------+-------------------------------------------
     0 | Abyss:1  | Allula97 the Demonspawn Abyssal Knight began the quest for
                  | the Orb.
     0 | Abyss:1  | Reached XP level 1. HP: 18/18 MP: 2/2
    11 | D:1      | Escaped the Abyss
   325 | D:1      | Reached skill level 1 in Dodging
   325 | D:1      | Gained mutation: You are partially covered in razor-sharp
                  | scales. (AC +1, Slay +1) [demonic ancestry]
   325 | D:1      | Reached XP level 2. HP: 24/24 MP: 3/3
   522 | D:1      | Found a faded altar of an unknown god.
   672 | D:1      | Reached ** piety under Lugonu
   990 | D:1      | Reached skill level 2 in Short Blades
  1183 | D:2      | Gained mutation: You have a pair of small horns on your
                  | head. [demonic ancestry]
  1183 | D:2      | Reached XP level 3. HP: 28/29 MP: 5/5
  1226 | D:2      | Noticed Robin
  1243 | D:2      | Killed Robin
  1770 | D:2      | Reached XP level 4. HP: 29/35 MP: 6/6
  1831 | D:2      | You fall into a shaft and drop 2 floors!
  1968 | D:4      | Reached skill level 3 in Short Blades
  1968 | D:4      | Reached skill level 1 in Stealth
  2032 | D:4      | Noticed a scorpion
  2033 | D:4      | Noticed an ogre
  2051 | D:5      | Entered Level 5 of the Dungeon
  2051 | D:5      | Noticed a scorpion
  2255 | D:4      | Killed a scorpion
  2256 | D:4      | Gained mutation: You may rarely emit foul miasma when
                  | damaged in melee. [demonic ancestry]
  2256 | D:4      | Reached XP level 5. HP: 24/42 MP: 7/7
  2261 | D:4      | Killed an ogre
  2536 | D:3      | Found a glowing drain.
  2553 | Sewer    | Entered a sewer
  2565 | Sewer    | Gained mutation: You have a pair of horns on your head.
                  | [demonic ancestry]
  2565 | Sewer    | Reached XP level 6. HP: 48/48 MP: 8/8
  2619 | Sewer    | Noticed Pargi
  2627 | Sewer    | Killed Pargi
  2628 | Sewer    | Reached skill level 4 in Short Blades
  2961 | D:2      | Reached *** piety under Lugonu
  3293 | D:3      | Identified the +4 ring mail of the Dozen Hells {Str+7}
  3459 | D:3      | Gained mutation: You are partially covered in sharp spines.
                  | [demonic ancestry]
  3459 | D:3      | Reached XP level 7. HP: 40/54 MP: 6/10
  4336 | D:4      | Reached skill level 5 in Short Blades
  4816 | D:4      | Identified the +0 leather armour of Hoegoare {Int+2 SInv}
  5062 | D:4      | Gained mutation: You sometimes emit foul miasma when
                  | damaged in melee. [demonic ancestry]
  5062 | D:4      | Reached XP level 8. HP: 50/61 MP: 11/11
  5092 | D:5      | Noticed Edmund
  5107 | D:5      | Killed Edmund
  5155 | D:5      | Reached skill level 5 in Invocations
  5520 | D:5      | Reached skill level 6 in Short Blades
  5553 | D:5      | Reached skill level 5 in Fighting
  5809 | D:6      | Noticed Eustachio
  5822 | D:6      | Killed Eustachio
  5835 | D:6      | Reached **** piety under Lugonu
  5999 | D:6      | Reached XP level 9. HP: 54/68 MP: 13/13
  6111 | D:6      | Found a staircase to the Ecumenical Temple.
  6132 | Temple   | Entered the Ecumenical Temple
  7955 | D:7      | Reached skill level 7 in Short Blades
  7955 | D:7      | Reached skill level 5 in Armour
  7986 | D:8      | Found Ofenul's Distillery.
  7992 | D:8      | Found Wimy's Firing Range.
  8066 | D:8      | Bought a potion of might for 40 gold pieces
  8066 | D:8      | Bought a potion of heal wounds for 50 gold pieces
  8066 | D:8      | Bought a potion of invisibility for 80 gold pieces
  8066 | D:8      | Bought a potion of curing for 30 gold pieces
  8182 | D:8      | Found Poas's Antique Weapon Shop.
  8225 | D:8      | Found Jeha's Weapon Emporium.
  8230 | D:8      | Identified the +1 dagger of Accord {vorpal, rPois SInv}
  8436 | D:8      | Found Zableo's General Store.
  8480 | D:9      | Noticed a troll
  8501 | D:9      | Killed a troll
  8776 | D:9      | Found a staircase to the Lair.
  8783 | D:9      | Reached skill level 5 in Stealth
  8792 | D:9      | Reached skill level 1 in Long Blades
  8792 | D:9      | Reached XP level 10. HP: 6/76 MP: 15/15
  8792 | D:9      | HP: 1/76 [basilisk (5)]
  8792 | D:9      | Slain by a water moccasin

Illustrated notes

Levels and vault maps discovered:
D:1:      dpeg_arrival_short_road, layout_loops_ring,
          shapermc_ecumenical_altar_ellora, st_stairs_10
D:2:      layout_rooms, uniq_robin
D:3:      layout_basic, cheibrodos_sewer_entry_sluice, minivault_24
D:4:      minmay_inner_zag, layout_basic, minmay_checkerbox
D:5:      layout_basic, kennysheep_nondescript, uniq_edmund
D:6:      layout_cave_pools, temple_green, uniq_eustachio
D:7:      layout_basic
D:8:      layout_basic, serial_shops, shop, shop,
          nicolae_shop_temple_entry_statues_fountains, nicolae_shop_crystal,
          nicolae_shop_firing_range
D:9:      layout_rooms, minmay_lair_entry_grove, serial_corexii_hall,
          corexii_hall_statues_deadend, corexii_hall_statues_x
Temple:   mainiacjoe_temple_big_plus

Skill      XL: |  1  2  3  4  5  6  7  8  9 |
---------------+----------------------------+-----
Dodging        | 1 2 3 4 |  4.3
Armour         | 2 3 4 6 |  6.1
Short Blades   | 2 3 4 5 6 7 |  7.6
Invocations    | 3 4 5 6 |  6.8
Stealth        | 1 2 3 5 |  5.2
Fighting       | 4 5 |  5.9
Long Blades    | 1 |  1.0

Action                   |  1- 3 |  4- 6 |  7- 9 | 10-12 || total
-------------------------+-------+-------+-------+-------++-------
Melee: Short sword       |   121 |    96 |   194 |       ||   411
       Headbutt          |     6 |    20 |    43 |       ||    69
       Punch             |     1 |     1 |     2 |       ||     4
       Dagger            |       |       |    37 |       ||    37
       Scimitar          |       |       |     5 |       ||     5
Throw: Dart              |       |       |     2 |       ||     2
Invok: Bend Space        |       |     2 |       |       ||     2
       Banish            |       |     1 |       |       ||     1
  Use: Scroll            |     3 |     2 |     6 |       ||    11
       Potion            |       |     4 |     3 |       ||     7
 Stab: Sleeping          |     1 |     8 |     7 |       ||    16
       Invisible         |       |       |     5 |       ||     5
Armor: Leather armour    |     8 |       |       |       ||     8
       Ring mail         |    45 |     8 |    53 |     3 ||   109
       Robe              |     5 |    20 |       |       ||    25
Dodge: Dodged            |    70 |    50 |   164 |       ||   284
